 Dungeon Crawl Stone Soup version 0.29.1-15-g9cfb28693d (webtiles) character file.

Game seed: 3803996627260766946

2312 Gabide the Ruffian (level 9, 0/71 HPs)
             Began as a Mummy Berserker on Apr 8, 2023.
             Was an Elder of Trog.
             Slain by a yak (6 damage)
             ... on level 6 of the Dungeon.
             The game lasted 00:17:02 (7685 turns).

Gabide the Ruffian (Mummy Berserker)                Turns: 7685, Time: 00:17:02

Health: 0/71       AC: 15    Str: 24    XL:     9   Next: 18%
Magic:  9/9        EV: 12    Int:  7    God:    Trog [****..]
Gold:   339        SH:  5    Dex: 11    Spells: 8/8 levels left

rFire   x . .      SeeInvis .     - Unarmed
rCold   + . .      Faith    .   (no shield)
rNeg    + + +      Spirit   .   g - +1 ring mail {Will+}
rPois   ∞          Reflect  +   k - +1 helmet
rElec   .          Harm     .   (no cloak)
rCorr   .          Rampage  .   (no gloves)
Will    ++...                   h - +2 pair of boots
Stlth   +.........              l - amulet of reflection
HPRegen 0.21/turn               t - +4 ring of protection
MPRegen 0.11/turn               (no ring)

@: about to teleport
A: cold resistance 1, negative energy resistance 3, torment resistance 2, heat
vulnerability 1, in touch with death 1, no potions
a: Renounce Religion, Trog's Hand, Brothers in Arms


You were on level 6 of the Dungeon.
You worshipped Trog.
Trog was greatly pleased with you.
You visited 1 branch of the dungeon, and saw 6 of its levels.
You also visited: Sewer and Ossuary.

You collected 601 gold pieces.
You spent 262 gold pieces at shops.

Inventory:

Hand Weapons
 a - a +2 arbalest
Missiles
 d - 3 boomerangs (quivered)
 f - a throwing net
 q - a curare-tipped dart
Armour
 g - a +1 ring mail of willpower (worn)
 h - a +2 pair of boots (worn)
 k - a +1 helmet (worn)
 m - an orb of guile
Jewellery
 l - an amulet of reflection (around neck)
 t - a +4 ring of protection (left hand)
Wands
 c - a wand of mindburst (6)
 i - a wand of polymorph (9)
 n - a wand of light (16)
Scrolls
 b - a scroll of vulnerability
 e - a scroll of silence
 j - 7 scrolls of identify


   Skills:
 + Level 6.8 Fighting
 - Level 1.5 Armour
 + Level 5.3 Dodging
 * Level 7.7 Unarmed Combat


You had 8 spell levels left.
You didn't know any spells.
Your spell library was empty.

Dungeon Overview and Level Annotations

Branches:
Dungeon (6/15)             Temple (0/1) D:6           Sewer (visited)
Ossuary (visited)

Altars:
Cheibriados
Kikubaaqudgha
Okawaru
Uskayaw
Vehumet

Shops:
D:2 *[=!   D:5 [:(([


Innate Abilities, Weirdness & Mutations

You are immune to poison.
Your flesh is cold resistant. (rC+)
You are immune to negative energy. (rN+++)
You are immune to unholy pain and torment.
You are vulnerable to heat. (rF-)
You are in touch with the powers of death.
You do not drink.


Message History

The yak is almost dead.
The yak closely misses you.
You hit the yak.
You kill the yak!
Trog accepts your kill. The yak attacks as you move away!
The yak gores you but does no damage.
You punch the yak!
The yak is moderately wounded.
The yak gores you.
You hit the yak.
The yak is heavily wounded.
The yak gores you but does no damage.
You hit the yak but do no damage.
The yak is heavily wounded.
The yak gores you!
* * * LOW HITPOINT WARNING * * *
You hit the yak.
The yak is heavily wounded.
You feel the effects of Trog's Hand fading.
Press: ? - help, v - describe, . - travel
Here: a yak (heavily wounded)
The floor.
Unknown command.
Unknown command.
Okay, then.
You punch the yak!
The yak is almost dead.
The yak gores you!
* * * LOW HITPOINT WARNING * * *
The yak attacks as you move away! The yak gores you but does no damage.
The yak attacks as you move away! The yak gores you!
* * * LOW HITPOINT WARNING * * *
Your skin stops crawling.
You feel less strong-willed.
You hit the yak.
The yak is almost dead.
The yak gores you but does no damage. The yak attacks as you move away!
You block the yak's attack.
As you read the scroll of teleportation, it crumbles to dust.
You feel strangely unstable. The yak gores you.
You die...

.# #.# .# #.# .#
#.# .# #.# .#
########.# .#
#........##
.#######.###....Y#
.#..>......#.###Y#
.#.#####.#.#.# #@#
...# #.#.#.# #.#
.### #.#.#.# #.#
.# #.#.#.# #.# .#*
#.#.#.# #.# ..*
#.#...# #.# ..*
#.#######.## ..*
#..........# ..#
############


You could see 2 yaks.

Vanquished Creatures
  Sigmund (D:2)
  2 yaks (D:6)
  An orc warrior (D:6)
  An ogre (D:6)
  A centaur (D:6)
  A phantom (D:6)
  3 kobold brigands
  Blork the orc (D:4)
  A bullfrog (D:6)
  A necrophage (D:5)
  3 scorpions
  A wight (D:6)
  2 orc priests (D:6)
  3 hounds
  A gnoll bouda (D:6)
  4 iguanas (D:5)
  Ijyb (D:4)
  5 orc wizards (D:6)
  8 mummies (Ossuary)
  Robin (D:3)
  5 gnolls
  13 adders
  2 river rats (Sewer)
  A shadow imp (D:6)
  3 ufetubi
  3 worms
  3 dart slugs
  16 orcs
  5 bats
  6 endoplasms
  2 giant cockroaches
  A gnoll zombie (Ossuary)
  13 goblins
  8 hobgoblins
  5 jackals (Sewer)
  A quokka (D:4)
  6 ball pythons
  5 frilled lizards
  2 hobgoblin zombies (Ossuary)
  10 kobolds
  2 kobold zombies (Ossuary)
  3 orc zombies (Ossuary)
  4 rats
161 creatures vanquished.

Vanquished Creatures (collateral kills)
  A hound (D:6)
1 creature vanquished.

Vanquished Creatures (others)
  5 plants (Sewer)
5 creatures vanquished.

Grand Total: 167 creatures vanquished

Notes
Turn   | Place    | Note
-------+----------+-------------------------------------------
     0 | D:1      | Gabide the Mummy Berserker began the quest for the Orb.
     0 | D:1      | Reached XP level 1. HP: 18/18 MP: 1/1
   610 | D:1      | Reached XP level 2. HP: 19/24 MP: 2/2
  1135 | D:2      | Reached skill level 3 in Unarmed Combat
  1226 | D:2      | Noticed Sigmund
  1243 | D:2      | Killed Sigmund
  1244 | D:2      | Reached skill level 4 in Unarmed Combat
  1244 | D:2      | Gained mutation: You are in touch with the powers of death.
                  | [Mummy growth]
  1244 | D:2      | Reached XP level 3. HP: 29/30 MP: 3/3
  1244 | D:2      | Reached XP level 4. HP: 36/37 MP: 4/4
  1244 | D:2      | Reached XP level 5. HP: 40/42 MP: 5/5
  1287 | D:2      | Found Ciecimn's Distillery.
  1414 | D:2      | Found Liobiala's Assorted Antiques.
  1420 | D:2      | Bought a scroll labelled EZIFUICEZI for 27 gold pieces
  1440 | D:2      | Noticed Terence
  1978 | D:3      | Found an ancient bone altar of Kikubaaqudgha.
  1992 | D:3      | Found an iron altar of Okawaru.
  2674 | D:3      | Found a faded altar of an unknown god.
  2805 | D:3      | Found a hide-covered altar of Uskayaw.
  3018 | D:4      | Noticed Ijyb
  3041 | D:4      | Killed Ijyb
  3260 | D:4      | Noticed Blork the orc
  3273 | D:4      | Killed Blork the orc
  3274 | D:4      | Reached XP level 6. HP: 18/48 MP: 6/6
  3592 | D:4      | Reached ** piety under Trog
  3595 | D:4      | Noticed Robin
  3611 | D:3      | Killed Robin
  4073 | D:2      | Found Duenylaxt's Antique Armour Shop.
  4086 | D:2      | Bought a pair of embroidered boots for 127 gold pieces
  4096 | D:2      | Found a faded altar of an unknown god.
  4283 | D:2      | Found Voomuu Diqaz's Jewellery Emporium.
  4327 | D:2      | Noticed Terence
  4327 | D:2      | Terence changed into Terence the gnoll
  4339 | D:2      | Killed Terence the gnoll
  4576 | D:5      | Entered Level 5 of the Dungeon
  4739 | D:5      | Found Eshreet's Antique Weapon Emporium.
  4743 | D:5      | Found a glowing drain.
  4749 | D:5      | Bought an arbalest for 108 gold pieces
  4763 | Sewer    | Entered a sewer
  4965 | Sewer    | Reached skill level 5 in Unarmed Combat
  4965 | Sewer    | Reached XP level 7. HP: 48/55 MP: 7/7
  5621 | D:5      | Reached skill level 5 in Fighting
  5672 | D:5      | Reached *** piety under Trog
  5745 | D:5      | Found a snail-covered altar of Cheibriados.
  5783 | D:5      | Found Maecs's Book Emporium.
  6001 | D:5      | Found Eweysiva's Weapon Emporium.
  6017 | D:5      | Found Ymosm's Antique Armour Boutique.
  6290 | D:5      | Found Yfeetis's Armour Shop.
  6409 | D:5      | Reached skill level 6 in Unarmed Combat
  6461 | D:6      | Reached XP level 8. HP: 63/63 MP: 8/8
  6467 | D:6      | Found a sand-covered staircase.
  6472 | Ossuary  | Entered an ossuary
  6788 | D:6      | Found a radiant altar of Vehumet.
  7014 | D:6      | Noticed a two-headed ogre
  7166 | D:6      | Reached skill level 7 in Unarmed Combat
  7181 | D:6      | Reached skill level 5 in Dodging
  7386 | D:6      | Reached **** piety under Trog
  7552 | D:6      | Reached XP level 9. HP: 71/71 MP: 9/9
  7578 | D:6      | Found a staircase to the Ecumenical Temple.
  7685 | D:6      | Slain by a yak

Illustrated notes

Levels and vault maps discovered:
D:1:      dpeg_arrival_short_road, layout_rooms, serial_curves, eino_curves_03,
          eino_curves_04, eino_curves_01, minmay_misc_feat_encased
D:2:      layout_basic, hellmonk_ecumenical_altar_leap_of_faith, serial_shops,
          nicolae_square_shop, shop, shop, nicolae_shop_behind_doors,
          uniq_sigmund, uniq_terence
D:3:      layout_loops_cross, nicolae_overflow_ecumenical_swirl,
          mainiacjoe_overflow_swirl, kennysheep_cross_bottleneck
D:4:      layout_rooms, uniq_ijyb, uniq_robin, uniq_blork_the_orc
D:5:      layout_gridville, kennysheep_slug_shrine,
          cheibrodos_sewer_entry_drain, serial_shops,
          nicolae_shop_hallway_stairs, shop, kennysheep_little_box,
          kennysheep_mini, shop
D:6:      layout_basic, nicolae_vehumet_radiance,
          minmay_temple_entry_statues_fountains,
          nicolae_ossuary_entry_false_entrances, grunt_ministairs_13,
          serial_park_tiny_pond, minmay_manual_monolith

Skill      XL: |  1  2  3  4  5  6  7  8 |
---------------+-------------------------+-----
Unarmed Combat | 4 5 6 7 |  7.7
Fighting       | 4 5 6 |  6.8
Dodging        | 2 3 4 5 |  5.3
Armour         | |  1.5

Action                   |  1- 3 |  4- 6 |  7- 9 || total
-------------------------+-------+-------+-------++-------
Melee: Unarmed           |    81 |   232 |   263 ||   576
       Punch             |     1 |     3 |    12 ||    16
 Fire: Arbalest          |       |    22 |   120 ||   142
Throw: Boomerang         |    19 |     8 |       ||    27
Invok: Trog's Hand       |       |     1 |     5 ||     6
Evoke: Wand              |       |     1 |       ||     1
  Use: Scroll            |     3 |    11 |     8 ||    22
Armor: Animal skin       |    16 |       |       ||    16
       Leather armour    |     6 |     3 |       ||     9
       Ring mail         |       |    81 |   129 ||   210
Dodge: Dodged            |    55 |   132 |   169 ||   356
Block: Other             |       |    17 |    67 ||    84
       Reflection        |       |     1 |     3 ||     4
